 Dungeon Crawl Stone Soup version 0.24.0-37-gcf1ca852f1 (webtiles) character file.

Game seed: 18133299552914289945, levelgen mode: deterministic

144 FishyPogo the Charmwright (level 5, 0/43 HPs)
             Began as a Gnoll Skald on Dec 5, 2019.
             Killed by divine providence
             ... invoked by an orc priest
              (9 damage)
             ... on level 3 of the Dungeon.
             The game lasted 00:04:38 (1596 turns).

FishyPogo the Charmwright (Gnoll Skald)             Turns: 1596, Time: 00:04:40

Health: 0/43       AC:  3    Str: 14    XL:     5   Next: 27%
Magic:  0/12       EV: 13    Int: 15    God:
Gold:   229        SH:  0    Dex: 15    Spells: 3/14 levels left

rFire    . . .     SeeInvis .   a - +0 falchion
rCold    . . .     Gourm    .   (no shield)
rNeg     . . .     Faith    .   b - +0 leather armour
rPois    .         Spirit   .   (no helmet)
rElec    .         Reflect  .   (no cloak)
rCorr    .         Harm     .   (no gloves)
MR       .....                  (no boots)
Stlth    +.........             (no amulet)
HPRegen  0.14/turn              (no ring)
MPRegen  0.13/turn              (no ring)

@: infused, singing, hasted, drained, very quick
A: distributed training, fangs 1, strong nose
a: no special abilities


You were on level 3 of the Dungeon.
You were not hungry.

You visited 1 branch of the dungeon, and saw 3 of its levels.

You collected 229 gold pieces.

Inventory:

Hand Weapons
 a - a +0 falchion (weapon)
Missiles
 n - a stone (quivered)
Armour
 b - a +0 leather armour (worn)
Scrolls
 c - a scroll of random uselessness {unknown}
 e - 3 scrolls of teleportation {unknown}
 g - 5 scrolls of remove curse {unknown}
 h - 2 scrolls of magic mapping {unknown}
 i - 5 scrolls of identify {unknown}
 j - a scroll of fear {unknown}
 o - a scroll of amnesia {unknown}
Potions
 f - a potion of curing {unknown}
 l - a potion of ambrosia {unknown}
Comestibles
 d - 4 rations
 m - 5 chunks of flesh


   Skills:
 + Level 4.7(3.7) Fighting
 + Level 1.4(0.4) Short Blades
 + Level 4.7(3.7) Long Blades
 + Level 1.4(0.4) Axes
 + Level 1.4(0.4) Maces & Flails
 + Level 1.4(0.4) Polearms
 + Level 1.4(0.4) Staves
 + Level 1.4(0.4) Slings
 + Level 1.4(0.4) Bows
 + Level 1.4(0.4) Crossbows
 + Level 1.4(0.4) Throwing
 + Level 2.9(1.9) Armour
 + Level 4.7(3.7) Dodging
 + Level 1.4(0.4) Stealth
 + Level 1.4(0.4) Shields
 + Level 1.4(0.4) Unarmed Combat
 + Level 5.1(4.1) Spellcasting
 + Level 1.1(0.1) Conjurations
 + Level 1.1(0.1) Hexes
 + Level 5.5(4.4) Charms
 + Level 1.1(0.1) Summonings
 + Level 1.1(0.1) Necromancy
 + Level 1.1(0.1) Translocations
 + Level 1.1(0.1) Transmutations
 + Level 1.1(0.1) Fire Magic
 + Level 1.1(0.1) Ice Magic
 + Level 1.1(0.1) Air Magic
 + Level 1.1(0.1) Earth Magic
 + Level 1.1(0.1) Poison Magic
 + Level 1.5(0.6) Invocations
 + Level 1.4(0.4) Evocations


You had 3 spell levels left.
You knew the following spells:

 Your Spells              Type           Power        Failure   Level  Hunger
h - Regeneration          Chrm/Necr      ##........   26%         3    ###....
n - Spectral Weapon       Hex/Chrm       ##......     26%         3    ###....
p - Shroud of Golubria    Chrm/Tloc      ##....       13%         2    ##.....
u - Song of Slaying       Chrm           ###.....     5%          2    ##.....
y - Infusion              Chrm           ###.         3%          1    None

Your spell library contained the following spells:

 Spells                   Type           Power        Failure   Level  Hunger


Dungeon Overview and Level Annotations

Branches:
Dungeon (3/15)

Altars:


Innate Abilities, Weirdness & Mutations

Your experience applies equally to all skills.
You have very sharp teeth.
Your uncanny sense of smell can sniff out nearby items.


Message History

* * * LOW HITPOINT WARNING * * *
The orc priest barely misses you.
You closely miss the orc priest.
The orc priest is heavily wounded.
The orc hits you with a +1 hand axe of draining.
* * * LOW HITPOINT WARNING * * *
You feel drained. The orc barely misses you.
The orc priest hits you with a +0 club.
* * * LOW HITPOINT WARNING * * *
You barely miss the orc priest.
The orc priest is heavily wounded.
Your skin stops crawling.
The orc barely misses you.
You hit the orc priest.
The orc priest is almost dead.
The orc hits you from afar with a +0 trident.
* * * LOW HITPOINT WARNING * * *
The orc priest invokes the aid of Beogh against you.
Beogh smites you!
You die...

#. .. ..### # #... ..#
#.< .#.# ∆ ..###.(..
#.####oo#....#
#.#..@o...##.#
#.#.......##.#####
#.#.......##.....#
#..............#.#
###.........##...#.## #
#......)....##÷.....#.#
# #.##........#.........
##.#.
#.###.####.......##
.....##)###.........#.##


You could see an orc priest and 2 orcs.

Vanquished Creatures
  A crimson imp (D:2)
  An orc priest (D:3)
  4 adders
  An ooze (D:2)
  A dart slug (D:1)
  A worm (D:3)
  A leopard gecko (D:1)
  An orc (D:3)
  5 giant cockroaches
  4 goblins
  4 hobgoblins
  A quokka (D:2)
  A ball python (D:2)
  4 bats
  4 frilled lizards
  2 kobolds
  2 rats
38 creatures vanquished.

Notes
Turn   | Place    | Note
-------+----------+-------------------------------------------
     0 | D:1      | FishyPogo the Gnoll Skald began the quest for the Orb.
     0 | D:1      | Reached XP level 1. HP: 20/20 MP: 6/6
   180 | D:1      | Reached XP level 2. HP: 20/26 MP: 7/7
   323 | D:1      | Learned a level 2 spell: Song of Slaying
   326 | D:1      | Learned a level 2 spell: Shroud of Golubria
   674 | D:2      | Reached XP level 3. HP: 31/31 MP: 9/9
   702 | D:2      | Reached skill level 5 in Spellcasting
   810 | D:2      | Reached skill level 1 in Short Blades
   810 | D:2      | Reached skill level 1 in Axes
   810 | D:2      | Reached skill level 1 in Maces & Flails
   810 | D:2      | Reached skill level 1 in Polearms
   810 | D:2      | Reached skill level 1 in Staves
   810 | D:2      | Reached skill level 1 in Slings
   810 | D:2      | Reached skill level 1 in Bows
   810 | D:2      | Reached skill level 1 in Crossbows
   810 | D:2      | Reached skill level 1 in Throwing
   810 | D:2      | Reached skill level 1 in Stealth
   810 | D:2      | Reached skill level 1 in Shields
   810 | D:2      | Reached skill level 1 in Unarmed Combat
   810 | D:2      | Reached skill level 1 in Invocations
   810 | D:2      | Reached skill level 1 in Evocations
   810 | D:2      | Reached XP level 4. HP: 34/38 MP: 6/11
   815 | D:2      | Learned a level 3 spell: Regeneration
   819 | D:2      | Learned a level 3 spell: Spectral Weapon
  1030 | D:2      | Reached skill level 1 in Conjurations
  1030 | D:2      | Reached skill level 1 in Hexes
  1030 | D:2      | Reached skill level 1 in Summonings
  1030 | D:2      | Reached skill level 1 in Necromancy
  1030 | D:2      | Reached skill level 1 in Translocations
  1030 | D:2      | Reached skill level 1 in Transmutations
  1030 | D:2      | Reached skill level 1 in Fire Magic
  1030 | D:2      | Reached skill level 1 in Ice Magic
  1030 | D:2      | Reached skill level 1 in Air Magic
  1030 | D:2      | Reached skill level 1 in Earth Magic
  1030 | D:2      | Reached skill level 1 in Poison Magic
  1588 | D:3      | Reached XP level 5. HP: 38/43 MP: 1/12
  1596 | D:3      | Killed from afar by an orc priest

Levels and vault maps discovered:
D:1:      ncdulo_lavacross, layout_loops_cross, chequers_serial_rivers_micro_e
D:2:      layout_loops_ring
D:3:      layout_loops_ring, makhleb_grotto_becter, minmay_misc_feat_chi

Skill      XL: |  1  2  3  4 |
---------------+-------------+-----
Spellcasting   | 5 |  5.1
Short Blades   | 1 |  1.4
Axes           | 1 |  1.4
Maces & Flails | 1 |  1.4
Polearms       | 1 |  1.4
Staves         | 1 |  1.4
Slings         | 1 |  1.4
Bows           | 1 |  1.4
Crossbows      | 1 |  1.4
Throwing       | 1 |  1.4
Stealth        | 1 |  1.4
Shields        | 1 |  1.4
Unarmed Combat | 1 |  1.4
Invocations    | 1 |  1.5
Evocations     | 1 |  1.4
Conjurations   | 1 |  1.1
Hexes          | 1 |  1.1
Summonings     | 1 |  1.1
Necromancy     | 1 |  1.1
Translocations | 1 |  1.1
Transmutations | 1 |  1.1
Fire Magic     | 1 |  1.1
Ice Magic      | 1 |  1.1
Air Magic      | 1 |  1.1
Earth Magic    | 1 |  1.1
Poison Magic   | 1 |  1.1
Fighting       | |  4.7
Long Blades    | |  4.7
Armour         | |  2.9
Dodging        | |  4.7
Charms         | |  5.5

Action                   |  1- 3 |  4- 6 || total
-------------------------+-------+-------++-------
Melee: Falchion          |    49 |    78 ||   127
       Bite              |     8 |     6 ||    14
       Punch             |     1 |       ||     1
 Cast: Infusion          |     3 |     3 ||     6
       Shroud of Golubri |     2 |     4 ||     6
       Song of Slaying   |       |     4 ||     4
       Regeneration      |       |     2 ||     2
  Use: Potion            |       |     1 ||     1
 Stab: Sleeping          |     1 |     1 ||     2
  Eat: Chunk             |       |     3 ||     3
Armor: Leather armour    |    11 |    13 ||    24
Dodge: Dodged            |    36 |    59 ||    95
       Rpst.: Falchion   |    16 |    16 ||    32
